 Dungeon Crawl Stone Soup version 0.30-a0-1157-g2cc9ac7196 (webtiles) character file.

Game seed: 9955140049527736445

70 iamoutofideas the Chopper (level 4, 0/39 HPs)
             Began as a Hill Orc Monk on Apr 24, 2023.
             Slain by a gnoll
             ... wielding a +0 spear
              (3 damage)
             ... on level 3 of the Dungeon.
             The game lasted 00:02:00 (1617 turns).

iamoutofideas the Chopper (Hill Orc Monk)           Turns: 1617, Time: 00:02:00

Health: 0/39       AC:  9    Str: 15    XL:     4   Next: 21%
Magic:  4/4        EV:  7    Int: 10    God:
Gold:   112        SH:  0    Dex: 13    Spells: 3/3 levels left

rFire   . . .        a - +1 hand axe
rCold   + + .        k - orb {*Rage}
rNeg    . . .        q - +0 chain mail {rC+}
rPois   .            (no helmet)
rElec   .            (no cloak)
rCorr   .            p - +0 pair of gloves
SInv    .            (no boots)
Will    .....        (no amulet) Stlth
                     i - ring of protection from cold
HPRegen 0.26/turn    (no ring)
MPRegen 0.09/turn

%: random rage (20%)
@: on berserk cooldown, flying, slowed, very slow
A: no striking features
a: no special abilities


You were on level 3 of the Dungeon.
You visited 1 branch of the dungeon, and saw 3 of its levels.

You collected 112 gold pieces.

Inventory:

Hand Weapons
 a - a +1 hand axe (weapon)
Armour
 b - a +0 robe
 d - an orb of light
 k - an orb of wrath (worn)
 p - a +0 pair of gloves (worn)
 q - a +0 chain mail of cold resistance (worn)
Jewellery
 i - a ring of protection from cold (left hand)
Wands
 m - a wand of mindburst (1)
Scrolls
 h - a scroll of teleportation {unknown}
 l - a scroll of magic mapping {unknown}
 r - a scroll of noise {unknown}
Potions
 c - a potion of ambrosia
 g - a potion of mutation


   Skills:
 - Level 3.6 Fighting
 + Level 6.5 Axes
 - Level 2.4 Dodging


You had 3 spell levels left.
You didn't know any spells.
Your spell library contained the following spells:

 Spells                   Type           Power      Damage    Failure   Level
 Freeze                   Ice            0%         1d3       99%         1
 Kiss of Death            Conj/Necr      0%         2d5       99%         1
 Confusing Touch          Hex            0%         N/A       100%        3
 Frozen Ramparts          Ice            0%         1d1       100%        3
 Hailstorm                Conj/Ice       0%         3d3       100%        3
 Dispel Undead            Necr           0%         3d6       100%        4


Dungeon Overview and Level Annotations

Branches:
Dungeon (3/15)

Altars:
Okawaru

Shops:
D:1 :


Message History

The adder closely misses you. The gnoll barely misses you.
The goblin hits you but does no damage. The gnoll barely misses you.
The gnoll closely misses you. The adder bites you but does no damage.
The gnoll barely misses you.
The gnoll hits you from afar with a +0 spear.
* * * LOW HITPOINT WARNING * * *
The goblin hits you with a +1 dagger of protection.
* * * LOW HITPOINT WARNING * * *
The gnoll hits you but does no damage.
Unknown command.
It was a potion of curing.
You feel better. The adder barely misses you.
The gnoll hits you from afar with a +0 spear.
* * * LOW HITPOINT WARNING * * *
The goblin completely misses you. The gnoll hits you but does no damage.
The adder bites you.
* * * LOW HITPOINT WARNING * * *
It was a potion of flight.
You feel very buoyant.
You fly up into the air.
The adder bites you but does no damage. The gnoll hits you but does no damage.
The goblin hits you but does no damage.
The gnoll hits you from afar with a +0 halberd.
* * * LOW HITPOINT WARNING * * *
The gnoll barely misses you. The adder barely misses you.
The gnoll closely misses you. x2; The goblin barely misses you.
The gnoll hits you but does no damage.
As you read the scroll labelled PEALY XEQIOF, it crumbles to dust.
It is a scroll of enchant weapon.
Your +0 hand axe glows red for a moment.
The adder barely misses you.
The gnoll hits you from afar with a +0 spear.
* * * LOW HITPOINT WARNING * * *
The goblin barely misses you.
The gnoll hits you from afar with a +0 halberd.
* * * LOW HITPOINT WARNING * * *
The gnoll barely misses you. The adder barely misses you.
As you read the scroll labelled LAOT UJUISE, it crumbles to dust.
You feel a surge of unholy energy.
The adder convulses!
The gnoll convulses!
The goblin convulses!
The gnoll convulses! x3; It was a scroll of torment.
The gnoll hits you from afar with a +0 spear.
You die...

#######........###'#.#####
#####..........#
#..........# #.........##
#.........# #.....g...#
#......gg.# #######g.##
#@Sg# #g#.# ....# .....#
......# #..)##.# #.## )#
## .#


You could see 4 gnolls, an adder and a goblin.

Vanquished Creatures
  2 gnolls (D:3)
  2 adders (D:3)
  A worm (D:2)
  2 dart slugs (D:1)
  7 endoplasms
  A giant cockroach (D:2)
  A goblin (D:3)
  2 jackals (D:3)
  3 ball pythons
  2 frilled lizards (D:3)
  A kobold (D:1)
  4 rats (D:1)
28 creatures vanquished.

Vanquished Creatures (others)
  A plant (D:3)
1 creature vanquished.

Grand Total: 29 creatures vanquished

Notes
Turn   | Place    | Note
-------+----------+-------------------------------------------
     0 | D:1      | iamoutofideas the Hill Orc Monk began the quest for the
                  | Orb.
     0 | D:1      | Reached XP level 1. HP: 19/19 MP: 1/1
   110 | D:1      | Reached XP level 2. HP: 18/26 MP: 2/2
   376 | D:1      | Reached skill level 5 in Axes
   444 | D:1      | Found Qugys's Book Emporium.
   789 | D:2      | Found an iron altar of Okawaru.
  1209 | D:2      | Reached XP level 3. HP: 31/31 MP: 3/3
  1540 | D:3      | Reached skill level 6 in Axes
  1585 | D:3      | Reached XP level 4. HP: 37/39 MP: 4/4
  1617 | D:3      | Slain by a gnoll

Illustrated notes

Levels and vault maps discovered:
D:1:      onia_arrival_handbag, layout_rooms, serial_shops,
          nicolae_shop_advertising_works [nicolae_subvault_shop_adworks]
D:2:      layout_basic, basic_altar
D:3:      kennysheep_the_goblin_king, layout_basic, serial_corexii_hall,
          chequers_hall_statues_y, corexii_hall_statues_t,
          corexii_hall_statues_deadend, saegor_snake_ambush, uniq_sigmund

Skill      XL: |  1  2  3 |
---------------+----------+-----
Axes           | 5 6 |  6.5
Fighting       | |  3.6
Dodging        | |  2.4

Action                     |  1- 3 |  4- 6 || total
---------------------------+-------+-------++-------
  Melee: Hand axe          |    72 |     3 ||    75
    Use: Potion            |       |     4 ||     4
         Scroll            |       |     3 ||     3
 Armour: Chain mail        |    19 |    31 ||    50
  Dodge: Dodged            |    39 |    36 ||    75

Table legend: (Time is in decaauts)
 A = Elapsed time spent in this place.
 B = Non-inter-level travel time spent in this place.
 C = Inter-level travel time spent in this place.
 D = Time resting spent in this place.
 E = Time spent auto-exploring this place.
 F = Levels seen in this place.
 G = Mean time per level.
                   A        B        C        D        E       F      G
               +--------+--------+--------+--------+--------+-----+--------+
         Total |   1685 |   1605 |     80 |    145 |   1205 |   3 |  561.7 |
       Dungeon |   1685 |   1605 |     80 |    145 |   1205 |   3 |  561.7 |
               +--------+--------+--------+--------+--------+-----+--------+

Top non-repeatable levels by time:
     D:2: 828 daAuts
     D:1: 575 daAuts
     D:3: 280 daAuts
